 Dungeon Crawl Stone Soup version 0.21-a0-286-g6fcecc0 (webtiles) character file.

1592 Teas the Covert (level 8, 0/54 HPs)
             Began as a Spriggan Enchanter on Sept 27, 2017.
             Was a Follower of Dithmenos.
             Slain by an orc
             ... wielding a +0 club
              (2 damage)
             ... on level 6 of the Dungeon.
             The game lasted 00:18:06 (7472 turns).

Teas the Covert (Spriggan Enchanter)                Turns: 7472, Time: 00:18:07

Health: 0/54       AC:  4    Str: 10    XL:     8   Next: 61%
Magic:  3/19       EV: 21    Int: 17    God:    Dithmenos [*.....]
Gold:   361        SH:  0    Dex: 17    Spells: 8/20 levels left

rFire    . . .     SeeInvis +   a - +2 dagger
rCold    . . .     Gourm    .   (shield restricted)
rNeg     . . .     Faith    .   b - +2 robe
rPois    .         Spirit   .   (helmet restricted)
rElec    .         Reflect  .   (no cloak)
rCorr    .         Harm     .   (gloves unavailable)
MR       +....                  (boots unavailable)
Stlth    ..........             p - amulet of rage
HPRegen  0.18/turn              j - +3 ring of evasion
MPRegen  0.16/turn              (no ring)

@: berserking, wreathed by umbra, very quick
A: unfitting armour, see invisible, herbivore 3, speed 3, slow metabolism 2
a: Renounce Religion, Evoke Berserk Rage


You were on level 6 of the Dungeon.
You worshipped Dithmenos.
Dithmenos was aware of your devotion.
You were not hungry.

You visited 2 branches of the dungeon, and saw 7 of its levels.

You collected 361 gold pieces.

Inventory:

Hand Weapons
 a - a +2 dagger (weapon)
Armour
 b - a +2 robe (worn)
Jewellery
 j - a +3 ring of evasion (left hand)
 p - an amulet of rage (around neck)
Wands
 q - a wand of paralysis (7/24)
Scrolls
 f - a scroll of identify
 g - a scroll of fear
 h - 5 scrolls of remove curse
 l - 3 scrolls of enchant weapon
 n - 9 scrolls of teleportation
 r - a scroll of recharging
Potions
 e - 4 potions of flight
 i - a potion of resistance
 k - a potion of lignification
 m - 2 potions of brilliance
Books
 s - a book of Air

   Spells                             Type                      Level
   a - Shock                          Conjuration/Air              1
   b - Swiftness                      Charms/Air                   2
   c - Static Discharge               Conjuration/Air              3
   d - Airstrike                      Air                          4
   e - Lightning Bolt                 Conjuration/Air              5
Comestibles
 c - 2 royal jellies
 d - 5 bread rations


   Skills:
 - Level 1.1 Short Blades
 - Level 3.0 Dodging
 + Level 12.4 Stealth
 - Level 6.8 Spellcasting
 - Level 7.6 Hexes


You had 8 spell levels left.
You knew the following spells:

 Your Spells              Type           Power        Failure   Level  Hunger
a - Ensorcelled Hibernat  Hex/Ice        ###...       3%          2    None
b - Corona                Hex            ####...      1%          1    None
c - Confuse               Hex            ####....     1%          3    ##.....
d - Tukima's Dance        Hex            ####....     1%          3    ##.....
e - Dazzling Spray        Conj/Hex       ###...       8%          3    ##.....


Dungeon Overview and Level Annotations

Branches:
Dungeon (6/15)             Temple (1/1) D:5

Altars:
Cheibriados
Dithmenos
Gozag
Hepliaklqana
Makhleb
Nemelex Xobeh
Okawaru
Qazlal
Ru
Sif Muna
Trog
Uskayaw
Vehumet
Wu Jian
Xom
Yredelemnul
Zin
The Shining One

Shops:
D:5 *


Innate Abilities, Weirdness & Mutations

You are very small and have problems with some larger weapons.
You are too small for most types of armour.
You have supernaturally acute eyesight. (SInv)
You are a herbivore.
You cover ground extremely quickly.
You need consume almost no food.


Message History

You kill the orc priest!
Dithmenos accepts your kill. The orc wizard closely misses you.
The orc completely misses you.
A red film seems to cover your vision as you go berserk!
You feel yourself moving faster!
You feel mighty!
You feel a lot more hungry. The orc wizard misses you.
The orc wizard gestures at you while chanting.
The puff of frost hits you!
* * * LOW HITPOINT WARNING * * *
The orc hits you with a club.
* * * LOW HITPOINT WARNING * * *
You hit the orc wizard.
The orc wizard is moderately wounded.
The orc wizard gestures at you while chanting.
The puff of flame hits you!
* * * LOW HITPOINT WARNING * * *
You barely miss the orc wizard.
The orc wizard is moderately wounded.
The orc hits you with a club.
You die...

#.........#....
#.........#....
#.........#....
#.........#####
###+#########......
#......... #...... ..#
#......... #...... ..#.
#......... #......
#o.####@###### #......
#....)oo..# ##.....
#.........# #.....
#.........# +.....
#.........# #.....
##...†.....########.....
#..######...............
#.......#...............
#.......#...............


You could see an orc wizard and an orc.

Vanquished Creatures
  Edmund (D:4)
  Duvessa (D:6)
  An ice beast (D:4)
  A black bear (D:6)
  An orc warrior (D:6)
  A sky beast (D:4)
  An ogre (D:5)
  Dowan (D:6)
  2 scorpions
  2 howler monkeys
  3 crimson imps (D:5)
  2 hounds
  3 orc priests
  Terence (D:2)
  3 orc wizards
  An iguana (D:6)
  5 worker ants
  A worker ant zombie (D:5)
  Robin (D:4)
  4 adders
  An ooze (D:2)
  2 worms
  4 dart slugs
  2 leopard geckos
  22 orcs
  4 giant cockroaches
  15 goblins
  9 hobgoblins
  7 jackals
  4 quokkas
  2 ball pythons
  6 bats
  5 frilled lizards
  A jackal skeleton (D:4)
  8 kobolds
  A leopard gecko skeleton (D:4)
  8 rats
137 creatures vanquished.

Vanquished Creatures (collateral kills)
  An orc (D:3)
1 creature vanquished.

Grand Total: 138 creatures vanquished

Notes
Turn   | Place    | Note
-------+----------+-------------------------------------------
     0 | D:1      | Teas the Spriggan Enchanter began the quest for the Orb.
     0 | D:1      | Reached XP level 1. HP: 9/9 MP: 5/5
   443 | D:1      | Reached XP level 2. HP: 9/13 MP: 7/7
   451 | D:1      | Learned a level 2 spell: Ensorcelled Hibernation
   931 | D:1      | Reached XP level 3. HP: 16/16 MP: 9/9
   936 | D:1      | Learned a level 3 spell: Confuse
   940 | D:1      | Learned a level 3 spell: Tukima's Dance
  1702 | D:2      | Noticed Terence
  1712 | D:2      | Killed Terence
  1712 | D:2      | Reached skill level 5 in Hexes
  1712 | D:2      | Reached XP level 4. HP: 19/21 MP: 11/11
  2932 | D:3      | Reached XP level 5. HP: 24/24 MP: 3/13
  3450 | D:3      | Learned a level 3 spell: Dazzling Spray
  3622 | D:3      | Reached skill level 5 in Spellcasting
  3922 | D:4      | Noticed a sky beast
  3937 | D:4      | Killed a sky beast
  3937 | D:4      | Reached XP level 6. HP: 28/28 MP: 11/15
  4077 | D:4      | Noticed an ice beast
  4090 | D:4      | Killed an ice beast
  4288 | D:4      | Noticed Edmund
  4335 | D:4      | Killed Edmund
  4335 | D:4      | Reached XP level 7. HP: 17/32 MP: 9/18
  4514 | D:4      | Noticed Robin
  4803 | D:4      | Killed Robin
  5250 | D:4      | Found a shadowy altar of Dithmenos.
  5283 | D:4      | Became a worshipper of Dithmenos the Shadowed
  5334 | D:5      | Entered Level 5 of the Dungeon
  5341 | D:5      | Reached skill level 5 in Stealth
  5433 | D:5      | Reached skill level 6 in Stealth
  5511 | D:5      | Reached skill level 7 in Stealth
  5621 | D:5      | Found Janwups's Serpentskin Sales.
  5663 | D:5      | Reached skill level 8 in Stealth
  5982 | D:5      | Found a staircase to the Ecumenical Temple.
  5989 | Temple   | Entered the Ecumenical Temple
  6252 | D:5      | Found a deep blue altar of Sif Muna.
  6376 | D:6      | Reached skill level 9 in Stealth
  6376 | D:6      | Reached XP level 8. HP: 36/36 MP: 12/19
  6450 | D:6      | Noticed Duvessa
  6450 | D:6      | Noticed Dowan
  6453 | D:6      | Killed Duvessa
  6453 | D:6      | Reached skill level 10 in Stealth
  6463 | D:6      | Killed Dowan
  6722 | D:6      | Found a burning altar of Makhleb.
  6722 | D:6      | Noticed a balrug
  6733 | D:6      | Reached skill level 11 in Stealth
  7382 | D:6      | Reached * piety under Dithmenos
  7382 | D:6      | Reached skill level 12 in Stealth
  7471 | D:6      | HP: 2/54 [orc wizard/puff of flame (8)]
  7472 | D:6      | Slain by an orc

Vault maps used:
D:1:      minmay_arrival_wavy_path
D:2:      kennysheep_six_static_rooms, grunt_ministairs_13, uniq_terence
D:3:      minmay_crystal_water, minmay_misc_feat_secret_circle,
          grunt_ministairs_8
D:4:      kennysheep_mini, uniq_edmund, uniq_robin
D:5:      lemuel_blue_sif_altar, minmay_temple_entry_nine_rooms, first_bread,
          guppyfry_shop_venom
D:6:      dk_noncrumbling_3, makhleb_altar_promises_db, uniq_duvessa
Temple:   eino_temple_scatter_basement

Skill      XL: |  1  2  3  4  5  6  7  8 |
---------------+-------------------------+-----
Spellcasting   | 3 4 5 6 |  6.8
Hexes          | 4 5 6 7 |  7.6
Stealth        | 9 12 | 12.4
Short Blades   | |  1.1
Dodging        | |  3.0

Action                   |  1- 3 |  4- 6 |  7- 9 || total
-------------------------+-------+-------+-------++-------
Melee: Dagger            |    96 |   143 |   137 ||   376
 Cast: Corona            |     2 |       |       ||     2
       Ensorcelled Hiber |    11 |    25 |    30 ||    66
       Confuse           |     1 |     6 |    12 ||    19
       Dazzling Spray    |       |     5 |    16 ||    21
       Tukima's Dance    |       |     1 |       ||     1
 Abil: Evoke Berserk Rag |       |       |     2 ||     2
  Use: Scroll            |     4 |    12 |     6 ||    22
       Potion            |       |     2 |     3 ||     5
 Stab: Sleeping          |    21 |    23 |    19 ||    63
       Confused          |     1 |     6 |     7 ||    14
       Invisible         |       |     1 |     6 ||     7
       Distracted        |       |       |     2 ||     2
  Eat: Fruit             |       |     5 |     6 ||    11
Armor: Robe              |    12 |     7 |     6 ||    25
Dodge: Dodged            |    76 |    99 |   119 ||   294

Table legend:
 A = Spawn XP
 B = Non-spawn XP
 C = Spawn XP percentage of total XP
 D = Spawn monster count
 E = Non-spawn monster count
 F = Spawn count percentage of total count
 G = Total turns spent on level
                    A         B        C        D         E        F      G
               +---------+---------+-------+---------+---------+-------+---------
         Total |       0 |    2275 |   0.0 |       0 |     138 |   0.0 |  7472
               +---------+---------+-------+---------+---------+-------+---------
           D:1 |       0 |      50 |   0.0 |       0 |      28 |   0.0 |  1339
           D:2 |       0 |     115 |   0.0 |       0 |      23 |   0.0 |  1524
           D:3 |       0 |      88 |   0.0 |       0 |      20 |   0.0 |   837
           D:4 |       0 |     622 |   0.0 |       0 |      28 |   0.0 |  1634
           D:5 |       0 |     518 |   0.0 |       0 |      13 |   0.0 |  1090
           D:6 |       0 |     882 |   0.0 |       0 |      26 |   0.0 |   885
               +---------+---------+-------+---------+---------+-------+---------
